 Dungeon Crawl Stone Soup version 0.29-a0-598-gd8304a5bf4 (webtiles) character file.

Game seed: 9058382647747201594

7 HoaS the Ducker (level 1, -2/10 HPs)
             Began as a Felid Berserker on June 15, 2022.
             Was a Follower of Trog.
             Slain by a jackal (3 damage)
             ... on level 1 of the Dungeon.
             The game lasted 00:00:27 (181 turns).

HoaS the Ducker (Felid Berserker)                    Turns: 181, Time: 00:00:28

Health: -2/10      AC:  1    Str: 13    XL:     1   Next: 91%
Magic:  2/2        EV: 18    Int:  8    God:    Trog [*.....]
Gold:   6          SH:  0    Dex: 15    Spells: 0/0 levels left
                                        Lives:  0   Deaths: 0

rFire   . . .      SeeInvis +     - Unarmed
rCold   . . .      Faith    .   (shield unavailable)
rNeg    . . .      Spirit   .   (body armour unavailable)
rPois   .          Reflect  .   (helmet unavailable)
rElec   .          Harm     .   (cloak unavailable)
rCorr   .          Rampage  .   (gloves unavailable)
Will    .....                   (boots unavailable)
Stlth   +.........              (no amulet)
HPRegen 0.03/turn               (no ring)
MPRegen 0.08/turn               (no ring)

@: quick
A: very small, claws 1, fangs 3, see invisible, speed 1, shaggy fur 1, stealthy
paws, no weapons or thrown items, no armour, multi-lived
a: Renounce Religion, Berserk


You were on level 1 of the Dungeon.
You worshipped Trog.
Trog was aware of your devotion.
You visited 1 branch of the dungeon, and saw 1 of its levels.

You collected 6 gold pieces.

Inventory:

Scrolls
 a - a scroll of amnesia {unknown}


   Skills:
 + Level 3.1 Fighting
 + Level 4.3 Dodging
 + Level 3.1 Unarmed Combat


You couldn't memorise any spells.
You didn't know any spells.
Your spell library was empty.

Dungeon Overview and Level Annotations

Branches:
Dungeon (1/15)

Altars:


Innate Abilities, Weirdness & Mutations

You have sharp claws.
You have razor-sharp teeth.
You have supernaturally acute eyesight. (SInv)
You cover ground quickly. (Speed+)
You are covered in fur. (AC +1)
Your paws help you pounce on unaware monsters.
You are incapable of wielding weapons or throwing items.
You cannot wear armour.
You gain extra lives every three experience levels.


Message History

The jackal completely misses you. The jackal closely misses you.
You scratch the jackal.
You kill the jackal!
Trog accepts your kill.
You scratch the kobold.
You kill the kobold!
Trog accepts your kill.
You swing at nothing.
You swing at nothing.
An endoplasm comes into view.
You swing at nothing.
You swing at nothing.
The endoplasm quivers.
You scratch the endoplasm.
The endoplasm is heavily wounded.
The endoplasm completely misses you.
You scratch the endoplasm but do no damage.
The endoplasm is heavily wounded.
You scratch the endoplasm but do no damage.
The endoplasm is heavily wounded.
The endoplasm freezes you.
You are frozen.
Ouch! That really hurt!
* * * LOW HITPOINT WARNING * * *
You scratch the endoplasm.
You kill the endoplasm!
Trog accepts your kill.
You swing at nothing.
The jackal bites you.
* * * LOW HITPOINT WARNING * * *
The jackal barely misses you.
You closely miss the jackal. The jackal completely misses you.
You claw the jackal!
You kill the jackal!
Trog accepts your kill.
You start resting.
A jackal is nearby!
The jackal barks!
The jackal attacks as you move away! The jackal completely misses you.
The jackal attacks as you move away! The jackal bites you.
You die...

#? ...h#########.#
#.........K.# #)# #.#
#. ###.## #.#
...#...h# #.#
#...##@#### #.#
#§#........# #>#
#≈§≈#.......# #.#
####≈#######..###.#
##.......## #......#
##.........###..###.#
##...........##..# #>#
#.............#..###.#
#.............##.....#


You could see a jackal.

Vanquished Creatures
  An endoplasm (D:1)
  A hobgoblin (D:1)
  3 jackals (D:1)
  A kobold (D:1)
6 creatures vanquished.

Notes
Turn   | Place    | Note
-------+----------+-------------------------------------------
     0 | D:1      | HoaS the Felid Berserker began the quest for the Orb.
     0 | D:1      | Reached XP level 1. HP: 10/10 MP: 2/2
   181 | D:1      | Slain by a jackal

Illustrated notes

Levels and vault maps discovered:
D:1:      psy_arrival_dodecagon, layout_loops_ring, serial_shops, shop_statue,
          ebering_ecumenical_altar_box

Action                   || total
-------------------------++-------
Melee: Unarmed           ||    17
 Stab: Distracted        ||     1
Dodge: Dodged            ||    11

Table legend: (Time is in decaauts)
 A = Elapsed time spent in this place.
 B = Non-inter-level travel time spent in this place.
 C = Inter-level travel time spent in this place.
 D = Time resting spent in this place.
 E = Time spent auto-exploring this place.
 F = Levels seen in this place.
 G = Mean time per level.
                   A        B        C        D        E       F      G
               +--------+--------+--------+--------+--------+-----+--------+
         Total |    173 |    173 |      0 |    123 |     14 |   1 |  173.0 |
       Dungeon |    173 |    173 |      0 |    123 |     14 |   1 |  173.0 |
               +--------+--------+--------+--------+--------+-----+--------+

Top non-repeatable levels by time:
     D:1: 173 daAuts
